 Dungeon Crawl Stone Soup version 0.25-a0-424-g80bd347ae0 (webtiles) character file.

Game seed: 13068162761191506814, levelgen mode: deterministic

9723 Gargoyl the Cleaver (level 11, -1/91 HPs)
             Began as a Centaur Abyssal Knight on Jan 23, 2020.
             Was an Elder of Lugonu.
             Shot with a bolt by a big kobold (11 damage)
             ... on level 9 of the Dungeon.
             The game lasted 00:18:28 (10404 turns).

Gargoyl the Cleaver (Centaur Abyssal Knight)       Turns: 10404, Time: 00:18:28

Health: -1/91      AC:  7    Str: 14    XL:     11   Next: 26%
Magic:  11/16      EV:  3    Int: 11    God:    Lugonu [****..]
Gold:   592        SH:  3    Dex: 10    Spells: 10/10 levels left

rFire    . . .     SeeInvis .   j - +3 hand axe (freeze)
rCold    . . .     Gourm    .   w - +0 buckler
rNeg     . . .     Faith    .   p - +3 plate armour
rPois    +         Spirit   .   i - +0 helmet
rElec    .         Reflect  .   (no cloak)
rCorr    .         Harm     .   (no gloves)
MR       .....                  (no barding)
Stlth    ..........             g - amulet of regeneration
HPRegen  0.65/turn              z - -3 ring of strength (curse)
MPRegen  0.15/turn              v - ring of poison resistance

@: corroded, lightly drained, very quick
A: large, hooves 3, deformed body, speed 2, tough skin 3
a: Depart the Abyss, Bend Space, Banish, Corrupt, Renounce Religion


You were on level 9 of the Dungeon.
You worshipped Lugonu.
Lugonu was greatly pleased with you.
You were very hungry.

You visited 1 branch of the dungeon, and saw 9 of its levels.
You visited the Abyss 2 times.

You collected 592 gold pieces.

Inventory:

Hand Weapons
 a - a +1 hand axe
 j - a +3 hand axe of freezing (weapon)
 y - a +2 falchion of flaming
Missiles
 u - 15 boomerangs (quivered)
Armour
 i - a +0 helmet (worn)
 p - a +3 plate armour (worn)
 w - a +0 buckler (worn)
Jewellery
 g - an amulet of regeneration (around neck)
 n - an uncursed ring of see invisible
 v - a ring of poison resistance (right hand)
 z - a cursed -3 ring of strength (left hand)
Wands
 s - a wand of random effects (22)
 C - a wand of digging (6)
 D - a wand of flame (14)
 E - a wand of enslavement (4)
Scrolls
 b - a scroll of teleportation
 k - a scroll of identify
 o - a scroll of magic mapping
Potions
 d - a potion of lignification
 e - a potion of curing
 f - 2 potions of agility
 h - a potion of mutation {unknown}
 l - a potion of haste {unknown}
 m - 2 potions of resistance
 q - a potion of degeneration {unknown}
 r - a potion of berserk rage {unknown}
 t - a potion of brilliance {unknown}
 x - 3 potions of flight {unknown}
 A - 2 potions of might {unknown}
Comestibles
 c - 26 rations


   Skills:
 + Level 6.7(6.6) Fighting
 + Level 0.3 Long Blades
 + Level 8.0(7.9) Axes
 + Level 1.2 Throwing
 * Level 7.9 Armour
 * Level 5.5 Dodging
 + Level 1.7 Shields
 * Level 7.3 Invocations
 + Level 1.0 Evocations


You had 10 spell levels left.
You didn't know any spells.
Your spell library contained the following spells:

 Spells                   Type           Power        Failure   Level  Hunger
 Animate Skeleton         Necr           N/A          100%        1    ##.....
 Apportation              Tloc           #.....       100%        1    ##.....
 Corona                   Hex            #......      100%        1    ##.....
 Summon Small Mammal      Summ           #...         100%        1    ##.....


Dungeon Overview and Level Annotations

Branches:
Dungeon (9/15)             Temple (0/1) D:6            Lair (0/6) D:8
    Orc: D:9-12

Altars:
Ashenzari
Cheibriados
Fedhas
Qazlal
Sif Muna
Trog
Vehumet
Beogh

Shops:
D:6 *


Innate Abilities, Weirdness & Mutations

You have hooves in place of feet.
Armour fits poorly on your strangely shaped body.
You cover ground very quickly.
You have extremely tough skin. (AC +3)


Message History

You hit the orc warrior but do no damage.
Your kick misses the orc warrior.
The orc warrior is severely wounded.
You hit the big kobold but do no damage.
You hit the jelly. You freeze the jelly. The acid corrodes you!
Your hands burn!
* * * LOW HITPOINT WARNING * * *
You block the jelly's attack.
The orc warrior hits you with a +0 war axe.
* * * LOW HITPOINT WARNING * * *
Press: ? - help, Shift-Dir - straight line, f - jelly
Aim: a jelly (heavily wounded, chance to defeat MR: 90%)
You fail to use your ability.
The big kobold hits you with a +0 short sword.
* * * LOW HITPOINT WARNING * * *
The jelly hits you but does no damage.
The big kobold unwields a +0 short sword.
The big kobold wields a +0 hand crossbow.
The big kobold shoots a bolt.
The bolt hits you!
You die...

#..#..#..#..#.[#,.#...*,,*,,*,,
#.....#.......,*,....,,,,*,,,,,
#....###......###...,,,,***,,,,
#.........##*,.....***,,,,,,***
#..........#,,....,,*,,,,,,,,*,
##......#.$#,,#..#,,*,,*,,*,,*,
##.....#######..#*##***,,*****
##...§#..#$.#oK#.$#,,*,,*,,*,
#...§§..#..@.J...#,,,,,,,,*,
##.....###......##*,,,,,,***
##......(.###......,***,,,,
#.........#,......,,*,,,,,
###....#.$#,.#...#,,*,,*,,
#....####**#...#******,,
##...#,,*,,*,..#,,*,,*,,
#.....,*,,,,,..,,*,,,,,
#.....#**,,,,,,,***,,,,


You could see an orc warrior, a big kobold and a jelly.

Vanquished Creatures
  Harold (D:8)
  A hydra (D:8)
  Joseph (D:7)
  Psyche (D:8)
  2 dream sheep (D:8)
  2 yaks (D:8)
  A basilisk (D:9)
  4 ice beasts
  An orc warrior (D:9)
  4 sky beasts
  A black bear (D:8)
  A necrophage (D:8)
  5 ogres
  An eye of draining (D:8)
  The ghost of Bikalo the Ruffian, an amateur DrTm (D:4)
  6 centaurs
  7 big kobolds
  3 bullfrogs (D:8)
  A gnoll sergeant (D:6)
  Blork the orc (D:6)
  A wyvern skeleton (D:7)
  2 scorpions
  6 killer bees (D:9)
  5 wights
  2 howler monkeys
  A jelly (D:5)
  3 crimson imps
  2 centaur zombies
  A quasit (D:7)
  A bullfrog zombie (D:9)
  4 orc priests
  2 hounds
  3 centaur skeletons
  An iron imp (Abyss:1)
  A bullfrog skeleton (D:6)
  12 orc wizards
  8 worker ants
  An iguana (D:6)
  A statue (D:5)
  2 hound skeletons
  A howler monkey zombie (D:2)
  14 gnolls
  16 adders
  5 shadow imps
  An ooze (D:4)
  An adder skeleton (D:6)
  An adder zombie (D:5)
  A worm (D:5)
  3 dart slugs
  3 leopard geckos
  42 orcs
  6 giant cockroaches
  4 goblins
  5 hobgoblins
  4 jackals
  3 quokkas
  2 ball pythons (D:1)
  9 bats
  8 frilled lizards
  30 kobolds
  A quokka skeleton (D:5)
  A quokka zombie (D:6)
  6 rats
271 creatures vanquished.

Vanquished Creatures (others)
  2 two-headed ogres
  A komodo dragon (D:8)
  A troll (D:8)
  2 orc warriors
  2 ogres
  6 plants (D:8)
14 creatures vanquished.

Grand Total: 285 creatures vanquished

Notes
Turn   | Place    | Note
-------+----------+-------------------------------------------
     0 | Abyss:1  | Gargoyl the Centaur Abyssal Knight began the quest for the
                  | Orb.
     0 | Abyss:1  | Reached XP level 1. HP: 19/19 MP: 2/2
    42 | Abyss:1  | Noticed a wraith
    42 | Abyss:1  | Noticed a smoke demon
    76 | Abyss:1  | Noticed a quasit
   156 | Abyss:1  | Noticed a starcursed mass
   157 | Abyss:1  | Noticed a tentacled starspawn
   158 | Abyss:1  | Noticed a chaos spawn
   158 | Abyss:1  | Noticed a starcursed mass
   163 | D:1      | Escaped the Abyss
   268 | D:1      | Reached XP level 2. HP: 21/26 MP: 3/3
   269 | D:1      | Reached * piety under Lugonu
   473 | D:1      | Reached skill level 1 in Dodging
   515 | D:1      | Reached skill level 2 in Axes
   775 | D:1      | Reached XP level 3. HP: 31/31 MP: 4/4
  1008 | D:2      | Found a bloodstained altar of Trog.
  1174 | D:2      | Reached XP level 4. HP: 38/38 MP: 5/5
  1222 | D:2      | Reached ** piety under Lugonu
  1708 | D:3      | Found a shimmering blue altar of Sif Muna.
  1708 | D:3      | Found a blossoming altar of Fedhas.
  1958 | D:3      | Reached XP level 5. HP: 33/45 MP: 7/7
  2620 | D:4      | Noticed a sky beast
  2644 | D:4      | Killed a sky beast
  2644 | D:4      | Reached skill level 3 in Axes
  2644 | D:4      | Reached XP level 6. HP: 35/52 MP: 8/8
  3415 | D:5      | Entered Level 5 of the Dungeon
  3468 | D:5      | Noticed a sky beast
  3480 | D:5      | Killed a sky beast
  3480 | D:5      | Reached skill level 4 in Axes
  3614 | D:5      | Reached XP level 7. HP: 37/58 MP: 9/9
  3811 | D:5      | Reached *** piety under Lugonu
  4378 | D:5      | Found a radiant altar of Vehumet.
  4428 | D:5      | Found a runed translucent gate.
  4429 | D:5      | Found a runed translucent gate.
  4438 | D:5      | Found a runed translucent gate.
  4439 | D:5      | Found a roughly hewn altar of Beogh.
  4439 | D:5      | Noticed Bikalo's ghost (amateur DrTm)
  4786 | D:4      | Killed Bikalo's ghost
  4919 | D:6      | Reached XP level 8. HP: 61/66 MP: 11/11
  5109 | D:6      | Reached skill level 5 in Axes
  5254 | D:6      | Found Keovib's Assorted Antiques.
  5516 | D:6      | Noticed Blork the orc
  5525 | D:6      | Killed Blork the orc
  5525 | D:6      | Reached skill level 5 in Armour
  5737 | D:6      | Found a staircase to the Ecumenical Temple.
  6313 | D:6      | Reached **** piety under Lugonu
  6345 | D:6      | Reached XP level 9. HP: 60/72 MP: 12/12
  6348 | D:6      | Reached skill level 5 in Invocations
  6592 | D:7      | Found a snail-covered altar of Cheibriados.
  6653 | D:7      | Found a stormy altar of Qazlal.
  6780 | D:7      | Noticed Joseph
  6969 | D:7      | Killed Joseph
  6969 | D:7      | Reached skill level 5 in Fighting
  6969 | D:7      | Reached skill level 6 in Axes
  7675 | D:8      | Found a staircase to the Lair.
  7676 | D:8      | Noticed a komodo dragon
  7736 | D:8      | Banished a komodo dragon
  8175 | D:8      | Reached XP level 10. HP: 74/83 MP: 14/14
  8209 | D:8      | Reached skill level 1 in Shields
  8408 | D:8      | Noticed Psyche
  8472 | D:8      | Cast into level 1 of the Abyss (Psyche)
  8474 | Abyss:1  | Found a corrupted altar of Lugonu.
  8580 | D:8      | Escaped the Abyss
  8584 | D:8      | Killed Psyche
  8584 | D:8      | Reached skill level 7 in Axes
  8596 | D:8      | Noticed Harold
  8638 | D:8      | Killed Harold
  8645 | D:8      | HP: 4/83 [centaur/arrow (1)]
  8811 | D:8      | Reached skill level 5 in Dodging
  8866 | D:8      | Reached skill level 1 in Evocations
  9250 | D:8      | Noticed a two-headed hydra
  9267 | D:8      | Killed a one-headed hydra
  9267 | D:8      | Reached skill level 1 in Throwing
  9279 | D:8      | Reached XP level 11. HP: 78/91 MP: 16/16
  9470 | D:9      | Noticed a two-headed ogre
  9627 | D:8      | Banished a two-headed ogre
  9845 | D:9      | Found a shattered altar of Ashenzari.
 10366 | D:9      | Noticed a two-headed ogre
 10376 | D:9      | Banished a two-headed ogre
 10376 | D:9      | Reached skill level 8 in Axes
 10404 | D:9      | Shot with a bolt by a big kobold

Levels and vault maps discovered:
D:1:      dpeg_arrival_connections, layout_rooms, minmay_misc_feat_tower,
          minmay_tiny_reverse_x
D:2:      layout_loops_ring, bloody_trog, first_ration, st_stairs_3,
          serial_bayou_pond_b
D:3:      layout_loops_corners, gammafunk_temple_overflow_wave
D:4:      layout_basic
D:5:      layout_loops_ring, vehumet_statue, biasface_ghost_orc_armoury,
          minmay_pentangle
D:6:      layout_basic, minmay_temple_entry_enclosed_plants, serial_shops,
          kennysheep_mini, kennysheep_dice, uniq_blork_the_orc
D:7:      layout_basic, grunt_qazlal_sundering, cheibriados_altar_1, uniq_joseph
D:8:      layout_gridville, david_lair_shrubbed, hangedman_ranch
          [blue_anna_fruit_fields], minmay_bent, uniq_psyche, uniq_harold
D:9:      hangedman_cross_cluster, layout_basic, enter_bailey_3,
          evilmike_ruin_ashenzari

Skill      XL: |  1  2  3  4  5  6  7  8  9 10 11 |
---------------+----------------------------------+-----
Dodging        | 1 2 3 4 5 |  5.5
Axes           | 2 3 4 5 6 7 8 |  8.0
Armour         | 2 3 4 5 6 7 |  7.9
Invocations    | 3 4 6 7 |  7.3
Fighting       | 4 5 6 |  6.7
Shields        | 1 |  1.7
Evocations     | 1 |  1.0
Throwing       | 1 |  1.2
Long Blades    | |  0.3

Action                   |  1- 3 |  4- 6 |  7- 9 | 10-12 || total
-------------------------+-------+-------+-------+-------++-------
Melee: Hand axe          |   106 |   133 |   484 |   333 ||  1056
       Kick              |    16 |    27 |   114 |    74 ||   231
       Falchion          |       |       |       |    14 ||    14
Throw: Boomerang         |       |     3 |     7 |    13 ||    23
Invok: Depart the Abyss  |     1 |       |       |     1 ||     2
       Banish            |       |       |     5 |     4 ||     9
Evoke: Wand              |       |       |       |    16 ||    16
  Use: Scroll            |     6 |     7 |     9 |     7 ||    29
       Potion            |       |       |     9 |     2 ||    11
  Eat: Chunk             |       |     6 |    11 |     7 ||    24
       Ration            |       |       |     1 |       ||     1
Armor: Chain mail        |    99 |     4 |       |       ||   103
       Plate armour      |       |   115 |   414 |   315 ||   844
       Skin              |       |       |       |    31 ||    31
Dodge: Dodged            |    34 |    15 |    77 |    56 ||   182
Block: Buckler           |       |       |    41 |    57 ||    98
       Rpst.: Falchion   |       |       |       |     1 ||     1

Table legend:
 A = Non-vault XP
 B = Vault XP
 C = Vault XP percentage of total XP
 D = Non-vault monster count
 E = Vault monster count
 F = Vault count percentage of total count
                 A         B        C        D         E       F
            +---------+---------+-------+---------+---------+-------
      Total |    7801 |    6089 |  43.8 |     222 |      57 |  20.4
            +---------+---------+-------+---------+---------+-------
        D:1 |      55 |       5 |   8.3 |      28 |       2 |   6.7
        D:2 |      43 |      32 |  42.7 |      14 |       7 |  33.3
        D:3 |     114 |       0 |   0.0 |      13 |       0 |   0.0
        D:4 |     335 |     118 |  26.0 |      12 |       1 |   7.7
        D:5 |     652 |     159 |  19.6 |      23 |      16 |  41.0
        D:6 |    1152 |     189 |  14.1 |      36 |       3 |   7.7
        D:7 |     730 |     481 |  39.7 |      14 |       1 |   6.7
        D:8 |    3332 |    4339 |  56.6 |      52 |      18 |  25.7
        D:9 |    1348 |     766 |  36.2 |      29 |       9 |  23.7
    Abyss:1 |      40 |       0 |   0.0 |       1 |       0 |   0.0
            +---------+---------+-------+---------+---------+-------
